 Dungeon Crawl Stone Soup version 0.28-a0-750-g7c675f85b1 (webtiles) character file.

Game seed: 12492275560463065901

106 cheechan the Charlatan (level 4, 0/28 HPs)
             Began as an Octopode Artificer on Oct 29, 2021.
             Succumbed to an adder's poison
             ... on level 2 of the Dungeon.
             The game lasted 00:03:48 (659 turns).

cheechan the Charlatan (Octopode Artificer)          Turns: 659, Time: 00:03:49

Health: 0/28       AC:  1    Str:  9 (11) XL:     4   Next: 84%
Magic:  4/4        EV: 13    Int: 11 (13) God:
Gold:   86         SH:  3    Dex: 11 (13) Spells: 3/3 levels left

rFire   . . .      SeeInvis .   f - +0 dagger
rCold   . . .      Faith    .   g - +0 buckler
rNeg    . . .      Spirit   .   (helmet restricted)
rPois   .          Reflect  .   (no amulet)
rElec   .          Harm     .   (no ring)
rCorr   .          Rampage  .   (no ring)
Will    .....                   (no ring)
Stlth   +++.......              (no ring)
HPRegen 0.09/turn               (no ring)
MPRegen 0.09/turn               (no ring)
                                (no ring)
                                (no ring)

@: lethally poisoned (0 -> -7)
A: almost no armour, amphibious, 8 rings, camouflage 1, gelatinous body 1,
(nimble swimmer 1), tentacles
a: no special abilities


You were on level 2 of the Dungeon.
You visited 1 branch of the dungeon, and saw 2 of its levels.

You collected 86 gold pieces.

Inventory:

Hand Weapons
 f - a +0 dagger (weapon)
 m - a +0 short sword
Missiles
 h - 17 bolts
 j - 7 sling bullets
Armour
 g - a +0 buckler (worn)
Wands
 c - a wand of charming (15)
Scrolls
 e - a scroll of identify {unknown}
Potions
 i - a potion of mutation {unknown}
 k - a potion of haste {unknown}
 l - a potion of ambrosia {unknown}
Miscellaneous
 d - a piece from Xom's chessboard (15/15)


   Skills:
 + Level 1.0 Fighting
 + Level 1.2 Short Blades
 + Level 3.3 Dodging
 + Level 3.0 Stealth
 + Level 4.4 Evocations


You had 3 spell levels left.
You didn't know any spells.
Your spell library was empty.

Dungeon Overview and Level Annotations

Branches:
Dungeon (2/15)

Altars:


Innate Abilities, Weirdness & Mutations

You cannot wear most types of armour.
You are amphibious.
You can wear up to eight rings at the same time.
Your skin changes colour to match your surroundings (Stealth+).
Your rubbery body absorbs attacks. (AC +1, EV +1)
((You are camouflaged near water. (Stealth+)))
You have tentacles for arms and can constrict up to eight enemies at once.


Message History

The adder hisses angrily.
Your grab misses the kobold. Your squeeze misses the kobold.
The kobold barely misses you.
You hit the kobold.
You kill the kobold!
The adder barely misses you.
Aiming: Throw Flame
Press: ? - help, Q - select action, (/) - cycle Shift-Dir - straight line, f - adder
Aim: an adder (57% to hit)
The puff of flame hits the adder.
The adder is moderately wounded.
The now-empty wand crumbles to dust.
The adder closely misses you.
A dart slug comes into view.
You miss the adder. Your grab misses the adder. Your squeeze misses the adder.
The adder is moderately wounded.
The adder closely misses you. The adder bites you.
You barely miss the adder. Your grab misses the adder.
The adder is moderately wounded.
The adder barely misses you.
You closely miss the adder. Your grab misses the adder.
Your squeeze misses the adder.
The adder is moderately wounded.
The adder misses you. The dart slug launches a dart at you.
The slug dart hits you.
* * * LOW HITPOINT WARNING * * *
You hit the adder but do no damage. You grab the adder.
The adder is moderately wounded.
You constrict the adder. The adder bites you.
* * * LOW HITPOINT WARNING * * *
The adder bites you.
* * * LOW HITPOINT WARNING * * *
You are lethally poisoned!
The adder poisons you!
It was a potion of degeneration.
There was something very wrong with that liquid.
You feel weakened.
You feel dopey.
You feel clumsy.
You constrict the adder.
You die...

#.. #.# .. #.
...# #.# #.# #.#
.### ##.# ...#.w
# #..# ##.#.)
#.## .$...## #.#
....# #.# . #S)##
#.# .. #@.# #.#
... #..# #.# <.
#..# #.#
#.#..#### # #.#
#.......#.###.#
####.#....##<.#
######.#....##.##
#........#..#..#
##.####.####.#.##


You could see an adder and a dart slug.

Vanquished Creatures
  A phantom (D:2)
  2 worms (D:2)
  A bat (D:2)
  7 endoplasms
  A giant cockroach (D:1)
  2 goblins (D:1)
  A hobgoblin (D:1)
  4 kobolds
  A quokka (D:1)
  A ball python (D:1)
  2 frilled lizards
23 creatures vanquished.

Notes
Turn   | Place    | Note
-------+----------+-------------------------------------------
     0 | D:1      | cheechan the Octopode Artificer began the quest for the
                  | Orb.
     0 | D:1      | Reached XP level 1. HP: 13/13 MP: 1/1
    66 | D:1      | Reached XP level 2. HP: 14/18 MP: 2/2
   609 | D:2      | Noticed a phantom
   616 | D:2      | Killed a phantom
   617 | D:2      | Reached skill level 1 in Short Blades
   617 | D:2      | Reached skill level 4 in Evocations
   617 | D:2      | Reached XP level 3. HP: 11/23 MP: 3/3
   617 | D:2      | Reached XP level 4. HP: 13/28 MP: 4/4
   659 | D:2      | Succumbed to an adder's poison

Illustrated notes

Levels and vault maps discovered:
D:1:      scummos_arrival_checkerplants, layout_rooms,
          chequers_serial_rivers_small_3, serial_park_tiny_pond,
          chequers_mini_garden
D:2:      layout_rooms, basic_altar, lemuel_another_geyser, uniq_terence

Skill      XL: |  1  2  3  4 |
---------------+-------------+-----
Short Blades   | 1 |  1.2
Dodging        | 3 |  3.3
Stealth        | 2 3 |  3.0
Evocations     | 4 |  4.4
Fighting       | |  1.0

Action                   |  1- 3 |  4- 6 || total
-------------------------+-------+-------++-------
Melee: Tentacles         |     5 |     2 ||     7
       Club              |     2 |       ||     2
       Constrict         |     4 |     1 ||     5
       Dagger            |    20 |    11 ||    31
Evoke: Wand              |     9 |     6 ||    15
  Use: Potion            |       |     1 ||     1
 Stab: Sleeping          |     5 |     1 ||     6
Armor: Skin              |     1 |     1 ||     2
Dodge: Dodged            |    15 |     6 ||    21

Table legend: (Time is in decaauts)
 A = Elapsed time spent in this place.
 B = Non-inter-level travel time spent in this place.
 C = Inter-level travel time spent in this place.
 D = Time resting spent in this place.
 E = Time spent auto-exploring this place.
 F = Levels seen in this place.
 G = Mean time per level.
                   A        B        C        D        E       F      G
               +--------+--------+--------+--------+--------+-----+--------+
         Total |    659 |    659 |      0 |      0 |      0 |   2 |  329.5 |
       Dungeon |    659 |    659 |      0 |      0 |      0 |   2 |  329.5 |
               +--------+--------+--------+--------+--------+-----+--------+

Top non-repeatable levels by time:
     D:1: 455 daAuts
     D:2: 204 daAuts
